 Dungeon Sprint DCSS version 0.17.1-1-g73c8601 (webtiles) character file.

50682 shmeve the Slayer (level 14, -2/152 HPs)
             Began as a Minotaur Berserker on Apr 18, 2016.
             Was the Champion of Trog.
             Slain by a cyan very ugly thing (20 damage)
             ... in the Dungeon (Sprint IX: "|||||||||||||||||||||||||||||").
             The game lasted 00:15:39 (2713 turns).

shmeve the Slayer (Minotaur Berserker)              Turns: 2713, Time: 00:15:39

Health: -2/152     AC: 27    Str: 27    XL:     14   Next: 20%
Magic:  4/4        EV: 22    Int:  4    God:    Trog [******]
Gold:   253        SH:  0    Dex: 10    Spells: 0 memorised, 13 levels left

rFire  . . .     SeeInvis +     z - +2 triple sword (antimagic)
rCold  . . .     Rnd*Rage +     E - +5 plate armour of an ossuary {Slay+3 SInv}
rNeg   . . .     SustAt   .     (shield currently unavailable)
rPois  .         Gourm    .     (helmet restricted)
rElec  .         Spirit   .     (no cloak)
rCorr  .         Warding  .     D - +0 pair of gloves
rMut   .         NoTele   +     C - +0 pair of boots
MR     +....                    (no amulet)
Stlth  ..........               m - +6 ring of evasion
                                p - +2 ring of evasion

@: exhausted, slowed, very slow, somewhat resistant to hostile enchantments,
extremely unstealthy
A: retaliatory headbutt, horns 2, berserk 1
a: Berserk, Trog's Hand, Brothers in Arms, Burn Spellbooks, Renounce Religion


You were in the Dungeon.
You worshipped Trog.
Trog was exalted by your worship.
You were near starving.

You visited 1 branch You collected 1923 gold pieces.
You spent 1670 gold pieces at shops.

Inventory:

Hand Weapons
 z - a +2 antimagic triple sword (weapon)
Armour
 o - a +0 buckler of positive energy
 C - a +0 pair of boots (worn)
 D - a +0 pair of gloves (worn)
 E - the +5 plate armour of an ossuary (worn) {Slay+3 SInv}
   (You found it in the Dungeon)

   It affects your accuracy and damage with ranged weapons and melee attacks
   (+3).
   It lets you see invisible.
Jewellery
 a - an uncursed ring of protection from cold
 b - an uncursed ring of protection from fire
 m - a +6 ring of evasion (right hand)
 p - a +2 ring of evasion (left hand)
Wands
 l - a wand of cold (7)
 q - a wand of confusion (18)
Scrolls
 i - 2 scrolls of blinking
 k - 3 scrolls of remove curse
 w - 2 scrolls of recharging
 x - 4 scrolls of identify
 y - 3 scrolls of fog
Potions
 d - 5 potions of curing
 e - 7 potions of heal wounds
 f - a potion of haste
 g - 4 potions of magic
 h - 2 potions of berserk rage
 j - a potion of invisibility
 t - a potion of brilliance
 u - a potion of might
 v - 5 potions of cure mutation
Comestibles
 c - 13 bread rations
 r - a beef jerky
 A - 40 fruits
 B - 12 meat rations


   Skills:
 * Level 21.9 Fighting
 * Level 21.9 Long Blades
 * Level 16.1 Throwing
 * Level 18.6 Armour
 * Level 17.3 Dodging
 - Level 6.7 Shields


You had 13 spell levels left.
You didn't know any spells.

Dungeon Overview and Level Annotations

Branches:
Dungeon (1/1)

Altars:
Cheibriados
Dithmenos
Elyvilon
Fedhas
Gozag
Kikubaaqudgha
Makhleb
Nemelex Xobeh
Okawaru
Qazlal
Ru
Sif Muna
Trog
Vehumet
Xom
Yredelemnul
Zin
The Shining One
Beogh
Jiyva
Lugonu

Shops:
D ([(=


Innate Abilities, Weirdness & Mutations

You reflexively headbutt those who attack you in melee.
You have a pair of horns on your head.
You tend to lose your temper in combat.


Message History

A cyan very ugly thing comes into view.
You are no longer berserk.
You are exhausted.
You feel yourself slow down.
You are near starving!
You see here a very ugly thing corpse.
A yaktaur comes into view.
The yaktaur shouts!
A slime creature comes into view.
You see here 8 javelins of penetration.
A fire giant comes into view.
It is wielding a great sword of flaming.
The fire giant shouts!
The slime creature quivers.
The cyan very ugly thing trunk-slaps you.
The cyan very ugly thing shocks you!!
* * * LOW HITPOINT WARNING * * *
The cyan very ugly thing trunk-slaps you!
* * * LOW HITPOINT WARNING * * *
The cyan very ugly thing shocks you!!
You die...

▓.▓)▓.▓.▓.▓.▓.▓.
▓C▓.▓(▓.▓.▓.▓)▓.▓.
▓.▓.▓.▓.▓.▓.▓)▓.▓.
▓J▓.▓.▓.▓.▓.▓)▓.▓.
▓.▓.▓.▓.▓[▓.▓)▓.▓'
▓c▓.▓.▓.▓[▓.▓)▓.▓)
▓J▓.▓.▓.▓[▓.▓)▓.▓.
▓u▓.▓)▓.▓[▓.▓)▓.▓.
▓@▓.▓)▓.▓[▓.▓)▓.▓†
▓(▓.▓)▓.▓[▓.▓(▓.▓.
▓†▓.▓'▓.▓[▓.▓.▓.▓.
▓.▓.♣)♣.▓[▓.▓.▓.▓.
▓)▓.♣.♣.▓.▓.▓(▓.▓.
▓†▓.♣.♣.▓)▓.▓(▓.▓.
▓)▓.♣(♣.▓)▓.▓.▓.▓†
▓[▓(♣.♣.▓)▓.▓[▓.▓)
▓)▓.♣%♣.▓)▓.▓)▓.▓.


You could see a cyan very ugly thing, a fire giant, 2 slime creatures and a
yaktaur.

Vanquished Creatures
  A shadow dragon (D)
  2 greater nagas (D)
  An emperor scorpion (D)
  A stone giant (D)
  4 very ugly things (D)
  A dire elephant (D)
  2 ettins (D)
  A great orb of eyes (D)
  Josephine (D)
  A yaktaur captain (D)
  A hydra (D)
  A naga warrior (D)
  A spriggan air mage (D)
  A merfolk avatar (D)
  A merfolk aquamancer (D)
  Erica (D)
  3 alligators (D)
  A deep troll earth mage (D)
  An ogre mage (D)
  2 centaur warriors (D)
  8 orc high priests (D)
  2 deep troll shamans (D)
  A naga sharpshooter (D)
  Urug (D)
  A shock serpent (D)
  A spriggan berserker (D)
  An unseen horror (D)
  A swamp dragon (D)
  3 hill giants (D)
  3 orc knights (D)
  2 wolf spiders (D)
  3 orb spiders (D)
  A manticore (D)
  A water nymph (D)
  A moth of wrath (D)
  5 black mambas (D)
  8 elephants (D)
  Psyche (D)
  A torpor snail (D)
  A spiny frog (D)
  A komodo dragon (D)
  A demonic crawler (D)
  A jumping spider (D)
  A wind drake (shapeshifter) (D)
  3 merfolk (D)
  3 slime creatures (D)
  A snapping turtle (D)
  A spriggan (D)
  A water elemental (D)
  2 hungry ghosts (D)
  A yak (D)
  Eustachio (D)
  A hippogriff (D)
  Grum (D)
  A vampire mosquito (D)
  4 wraiths (D)
  A basilisk (shapeshifter) (D)
  5 wolves (D)
  A water moccasin (D)
  10 orc warriors (D)
  3 porcupines (D)
  A wasp (D)
  3 centaurs (D)
  4 crocodiles (D)
  A big kobold (D)
  6 orc priests (D)
  A jelly (D)
  An iguana (D)
  2 orc wizards (D)
  A worker ant (D)
  A sheep (D)
  2 adders (D)
  2 river rats (D)
  A giant gecko (D)
  13 orcs (D)
  A bat (D)
  A bat skeleton (D)
  A giant gecko skeleton (D)
  A giant newt (D)
  2 jackal skeletons (D)
  2 rats (D)
165 creatures vanquished.

Notes
Turn   | Place    | Note
--------------------------------------------------------------
     0 | D        | shmeve the Minotaur Berserker began the quest for the Orb.
     0 | D        | Reached XP level 1. HP: 19/19 MP: 0/0
    10 | D        | Reached skill level 4 in Fighting
    12 | D        | Reached ** piety under Trog
    16 | D        | Reached skill level 1 in Throwing
    66 | D        | Noticed a jelly
    69 | D        | Reached *** piety under Trog
    71 | D        | Reached XP level 2. HP: 28/28 MP: 1/1
    74 | D        | Killed a jelly
    74 | D        | Reached skill level 5 in Fighting
    74 | D        | Reached skill level 5 in Long Blades
    74 | D        | Reached XP level 3. HP: 36/36 MP: 2/2
    76 | D        | Reached **** piety under Trog
   168 | D        | Found a glowing silver altar of Zin.
   168 | D        | Found a glowing golden altar of the Shining One.
   168 | D        | Found an ancient bone altar of Kikubaaqudgha.
   168 | D        | Found a basalt altar of Yredelemnul.
   168 | D        | Found a shimmering altar of Xom.
   168 | D        | Found a radiant altar of Vehumet.
   169 | D        | Found an iron altar of Okawaru.
   170 | D        | Found a burning altar of Makhleb.
   171 | D        | Found a deep blue altar of Sif Muna.
   172 | D        | Found a bloodstained altar of Trog.
   173 | D        | Found a sparkling altar of Nemelex Xobeh.
   174 | D        | Found a white marble altar of Elyvilon.
   175 | D        | Found a roughly hewn altar of Beogh.
   176 | D        | Found a viscous altar of Jiyva.
   177 | D        | Found a corrupted altar of Lugonu.
   178 | D        | Found a blossoming altar of Fedhas.
   179 | D        | Found a snail-covered altar of Cheibriados.
   180 | D        | Found a shadowy altar of Dithmenos.
   181 | D        | Found a stormy altar of Qazlal.
   182 | D        | Found an opulent altar of Gozag.
   183 | D        | Found a sacrificial altar of Ru.
   237 | D        | Noticed a hungry ghost
   237 | D        | Noticed a hungry ghost
   237 | D        | Noticed a big kobold
   237 | D        | Noticed a hill giant
   245 | D        | Killed a hill giant
   245 | D        | Received a gift from Trog
   245 | D        | Reached skill level 10 in Fighting
   245 | D        | Reached skill level 10 in Long Blades
   245 | D        | Reached skill level 5 in Throwing
   245 | D        | Reached XP level 4. HP: 24/51 MP: 3/3
   245 | D        | Reached XP level 5. HP: 27/58 MP: 4/4
   245 | D        | Reached XP level 6. HP: 30/66 MP: 5/5
   245 | D        | Reached XP level 7. HP: 32/72 MP: 6/6
   255 | D        | Killed a big kobold
   260 | D        | Killed a hungry ghost
   260 | D        | Reached skill level 11 in Fighting
   272 | D        | Killed a hungry ghost
   507 | D        | Noticed a hill giant
   507 | D        | Noticed a worker ant
   507 | D        | Noticed an iguana
   507 | D        | Noticed a centaur
   507 | D        | Noticed a slime creature
   507 | D        | Noticed a centaur
   513 | D        | Killed a slime creature
   513 | D        | Reached XP level 8. HP: 83/83 MP: 7/7
   517 | D        | Killed a centaur
   520 | D        | Killed a hill giant
   520 | D        | Reached ***** piety under Trog
   520 | D        | Reached skill level 12 in Fighting
   523 | D        | Killed a centaur
   526 | D        | Killed an iguana
   526 | D        | Received a gift from Trog
   528 | D        | Killed a worker ant
   619 | D        | Noticed a wolf
   620 | D        | Noticed a wolf
   621 | D        | Noticed Grum
   623 | D        | Noticed a wolf
   624 | D        | Noticed a wolf
   625 | D        | Killed a wolf
   625 | D        | Received a gift from Trog
   626 | D        | Killed a wolf
   626 | D        | Reached skill level 13 in Fighting
   638 | D        | Killed Grum
   638 | D        | Reached XP level 9. HP: 93/93 MP: 8/8
   640 | D        | Killed a wolf
   641 | D        | Killed a wolf
   707 | D        | Noticed a komodo dragon
   707 | D        | Noticed a wolf
   707 | D        | Noticed a water moccasin
   707 | D        | Noticed a porcupine
   707 | D        | Noticed a black mamba
   707 | D        | Noticed a crocodile
   709 | D        | Noticed a yak
   709 | D        | Killed a crocodile
   709 | D        | Received a gift from Trog
   710 | D        | Killed a porcupine
   710 | D        | Reached skill level 10 in Armour
   710 | D        | Killed a wolf
   711 | D        | Killed a yak
   712 | D        | Noticed a hippogriff
   714 | D        | Killed a black mamba
   714 | D        | Reached skill level 14 in Fighting
   714 | D        | Killed a water moccasin
   716 | D        | Reached ****** piety under Trog
   716 | D        | Received a gift from Trog
   718 | D        | Killed a komodo dragon
   721 | D        | Killed a hippogriff
   721 | D        | Received a gift from Trog
   738 | D        | Noticed a crocodile
   738 | D        | Noticed a crocodile
   738 | D        | Noticed a porcupine
   738 | D        | Noticed a porcupine
   739 | D        | Killed a crocodile
   740 | D        | Noticed a crocodile
   740 | D        | Received a gift from Trog
   740 | D        | Killed a porcupine
   740 | D        | Reached skill level 10 in Dodging
   741 | D        | Killed a porcupine
   741 | D        | Killed a crocodile
   741 | D        | Received a gift from Trog
   741 | D        | Reached XP level 10. HP: 104/104 MP: 3/9
   742 | D        | Noticed an elephant
   744 | D        | Killed a crocodile
   746 | D        | Killed an elephant
   746 | D        | Reached skill level 15 in Long Blades
   754 | D        | Noticed a torpor snail
   761 | D        | Killed a torpor snail
   761 | D        | Reached skill level 15 in Fighting
   824 | D        | Noticed an elephant
   824 | D        | Noticed a dire elephant
   824 | D        | Noticed an elephant
   824 | D        | Noticed an elephant
   824 | D        | Noticed an elephant
   824 | D        | Noticed an elephant
   828 | D        | Noticed an elephant
   828 | D        | Killed an elephant
   828 | D        | Killed an elephant
   830 | D        | Killed an elephant
   830 | D        | Received a gift from Trog
   832 | D        | Killed an elephant
   834 | D        | Killed an elephant
   834 | D        | Reached skill level 10 in Throwing
   837 | D        | Killed a dire elephant
   837 | D        | Reached skill level 16 in Fighting
   840 | D        | Killed an elephant
   852 | D        | Noticed an elephant
   857 | D        | Killed an elephant
   857 | D        | Reached XP level 11. HP: 105/115 MP: 3/10
   923 | D        | Noticed Psyche
   929 | D        | Killed Psyche
   929 | D        | Received a gift from Trog
   934 | D        | Noticed a wraith
   935 | D        | Noticed a wraith
   937 | D        | Noticed Josephine
   938 | D        | Killed a wraith
   939 | D        | Noticed a wraith
   940 | D        | Noticed a wraith
   941 | D        | Killed a wraith
   948 | D        | Killed Josephine
   950 | D        | Killed a wraith
   950 | D        | Reached skill level 17 in Fighting
   951 | D        | Killed a wraith
  1007 | D        | Noticed an orc warrior
  1009 | D        | Received a gift from Trog
  1010 | D        | Noticed an orc wizard
  1010 | D        | Killed an orc warrior
  1010 | D        | Received a gift from Trog
  1010 | D        | Killed an orc wizard
  1011 | D        | Noticed an orc priest
  1011 | D        | Killed an orc priest
  1012 | D        | Noticed an orc wizard
  1016 | D        | Killed an orc wizard
  1024 | D        | Noticed an orc warrior
  1033 | D        | Killed an orc warrior
  1033 | D        | Received a gift from Trog
  1071 | D        | Noticed an orc warrior
  1071 | D        | Noticed an orc warrior
  1071 | D        | Noticed an orc knight
  1071 | D        | Noticed an orc warrior
  1071 | D        | Noticed an orc warrior
  1072 | D        | Killed an orc warrior
  1073 | D        | Noticed an orc warrior
  1073 | D        | Killed an orc warrior
  1073 | D        | Killed an orc warrior
  1074 | D        | Noticed an orc knight
  1074 | D        | Killed an orc warrior
  1075 | D        | Killed an orc warrior
  1075 | D        | Received a gift from Trog
  1076 | D        | Noticed an orc knight
  1081 | D        | Killed an orc knight
  1082 | D        | Noticed an orc warrior
  1082 | D        | Killed an orc warrior
  1083 | D        | Killed an orc knight
  1086 | D        | Killed an orc knight
  1092 | D        | Noticed an orc warrior
  1099 | D        | Killed an orc warrior
  1265 | D        | Found Topi's Jewellery Boutique.
  1265 | D        | Noticed an orc high priest
  1265 | D        | Noticed an orc high priest
  1265 | D        | Noticed an orc priest
  1265 | D        | Noticed an orc high priest
  1265 | D        | Noticed an orc high priest
  1266 | D        | Noticed a soul eater
  1267 | D        | Killed an orc priest
  1267 | D        | Received a gift from Trog
  1269 | D        | Noticed an orc high priest
  1270 | D        | Gained mutation: You tend to lose your temper in combat. [a neqoxec]
  1271 | D        | Killed an orc high priest
  1271 | D        | Received a gift from Trog
  1271 | D        | Killed an orc high priest
  1271 | D        | Reached skill level 18 in Fighting
  1272 | D        | Killed an orc high priest
  1273 | D        | Killed an orc high priest
  1273 | D        | Killed an orc high priest
  1274 | D        | Noticed an orc high priest
  1275 | D        | Found Badal's Antique Weapon Shop.
  1277 | D        | Found Obiomiuj's Antique Armour Boutique.
  1277 | D        | Noticed an orc priest
  1281 | D        | Noticed an orc priest
  1282 | D        | Killed an orc high priest
  1282 | D        | Received a gift from Trog
  1283 | D        | Noticed an orc priest
  1284 | D        | Found Ozaywkek's Weapon Shop.
  1285 | D        | Killed an orc priest
  1286 | D        | Killed an orc priest
  1286 | D        | Received a gift from Trog
  1288 | D        | Killed an orc priest
  1288 | D        | Reached XP level 12. HP: 92/128 MP: 3/11
  1307 | D        | Bought a +6 ring of evasion for 858 gold pieces
  1312 | D        | Noticed an orc high priest
  1313 | D        | Noticed an orc high priest
  1314 | D        | Noticed an orc priest
  1315 | D        | Bought a bloodstained plate armour for 700 gold pieces
  1315 | D        | Bought a shiny buckler for 112 gold pieces
  1317 | D        | Killed an orc high priest
  1317 | D        | Received a gift from Trog
  1318 | D        | Killed an orc priest
  1320 | D        | Killed an orc high priest
  1320 | D        | Received a gift from Trog
  1340 | D        | Identified the cursed +1 plate armour of the Meadowlark {rElec rN+ Dex+3} (You bought it in a shop in the Dungeon)
  1559 | D        | Noticed Eustachio
  1560 | D        | Noticed Erica
  1566 | D        | Killed Erica
  1577 | D        | Killed Eustachio
  1673 | D        | Got the +5 plate armour of an ossuary {Slay+3 SInv}
  1706 | D        | Noticed a hill giant
  1706 | D        | Noticed an orc warrior
  1706 | D        | Noticed a vampire mosquito
  1706 | D        | Noticed an unseen horror
  1708 | D        | Killed an unseen horror
  1708 | D        | Killed an orc warrior
  1709 | D        | Killed a vampire mosquito
  1710 | D        | Noticed a centaur
  1711 | D        | Noticed a red very ugly thing
  1713 | D        | Killed a hill giant
  1715 | D        | Noticed a brown very ugly thing
  1718 | D        | Noticed a centaur warrior
  1721 | D        | Killed a centaur
  1722 | D        | Noticed a centaur warrior
  1722 | D        | Killed a red very ugly thing
  1722 | D        | Received a gift from Trog
  1722 | D        | Reached skill level 19 in Fighting
  1725 | D        | Killed a centaur warrior
  1727 | D        | Killed a brown very ugly thing
  1727 | D        | Killed a centaur warrior
  1730 | D        | Noticed an ettin
  1730 | D        | Reached skill level 15 in Armour
  1733 | D        | Noticed a basilisk
  1736 | D        | Killed an ettin
  1741 | D        | Killed a basilisk
  1741 | D        | Received a gift from Trog
  2179 | D        | Noticed an alligator
  2179 | D        | Noticed an alligator
  2179 | D        | Noticed a spiny frog
  2179 | D        | Noticed a slime creature
  2179 | D        | Noticed an alligator
  2179 | D        | Noticed a spriggan rider
  2182 | D        | Killed a spiny frog
  2183 | D        | Noticed a swamp dragon
  2184 | D        | Killed a spriggan
  2184 | D        | Killed a slime creature
  2184 | D        | Killed an alligator
  2184 | D        | Killed an alligator
  2184 | D        | Received a gift from Trog
  2185 | D        | Noticed an eight-headed hydra
  2185 | D        | Killed a wasp
  2186 | D        | Killed a swamp dragon
  2186 | D        | Received a gift from Trog
  2189 | D        | Killed an alligator
  2189 | D        | Killed an eight-headed hydra
  2189 | D        | Reached XP level 13. HP: 136/139 MP: 4/12
  2190 | D        | Noticed a slime creature
  2196 | D        | Killed a slime creature
  2219 | D        | Noticed a manticore
  2219 | D        | Noticed a merfolk aquamancer
  2219 | D        | Noticed a merfolk
  2219 | D        | Noticed a snapping turtle
  2219 | D        | Noticed a water elemental
  2219 | D        | Noticed a merfolk
  2221 | D        | Killed a water elemental
  2222 | D        | Killed a merfolk
  2222 | D        | Killed a manticore
  2222 | D        | Received a gift from Trog
  2223 | D        | Noticed a water nymph
  2224 | D        | Killed a snapping turtle
  2224 | D        | Reached skill level 20 in Fighting
  2224 | D        | Killed a merfolk aquamancer
  2224 | D        | Killed a merfolk
  2225 | D        | Noticed a merfolk
  2228 | D        | Killed a water nymph
  2228 | D        | Received a gift from Trog
  2228 | D        | Reached skill level 15 in Dodging
  2229 | D        | Noticed a merfolk avatar
  2230 | D        | Killed a merfolk
  2241 | D        | Killed a merfolk avatar
  2259 | D        | Noticed a black mamba
  2259 | D        | Noticed a black mamba
  2259 | D        | Noticed a shock serpent
  2259 | D        | Noticed a naga warrior
  2259 | D        | Noticed a black mamba
  2259 | D        | Noticed a greater naga
  2260 | D        | Killed a black mamba
  2261 | D        | Killed a black mamba
  2262 | D        | Noticed a naga sharpshooter
  2262 | D        | Killed a black mamba
  2263 | D        | Noticed a greater naga
  2263 | D        | Killed a shock serpent
  2263 | D        | Received a gift from Trog
  2264 | D        | Killed a naga warrior
  2268 | D        | Killed a greater naga
  2268 | D        | Killed a greater naga
  2268 | D        | Received a gift from Trog
  2273 | D        | Killed a naga sharpshooter
  2273 | D        | Received a gift from Trog
  2274 | D        | Noticed a black mamba
  2278 | D        | Killed a black mamba
  2278 | D        | Received a gift from Trog
  2468 | D        | Noticed a moth of wrath
  2468 | D        | Noticed a demonic crawler
  2468 | D        | Noticed an orb spider
  2468 | D        | Noticed a wolf spider
  2468 | D        | Noticed an emperor scorpion
  2468 | D        | Noticed a wolf spider
  2471 | D        | Killed a wolf spider
  2471 | D        | Killed an orb spider
  2472 | D        | Noticed an orb spider
  2473 | D        | Noticed an orb spider
  2474 | D        | Killed a demonic crawler
  2474 | D        | Killed a moth of wrath
  2474 | D        | Killed an orb spider
  2474 | D        | Received a gift from Trog
  2474 | D        | Killed an orb spider
  2476 | D        | Killed a wolf spider
  2479 | D        | Noticed a jumping spider
  2484 | D        | Killed an emperor scorpion
  2484 | D        | Reached skill level 21 in Fighting
  2484 | D        | Reached skill level 15 in Throwing
  2488 | D        | Killed a jumping spider
  2629 | D        | Noticed Urug
  2641 | D        | Killed Urug
  2680 | D        | Noticed a yaktaur captain
  2680 | D        | Noticed a deep troll earth mage
  2680 | D        | Noticed a deep troll shaman
  2680 | D        | Noticed a stone giant
  2680 | D        | Noticed an ogre mage
  2680 | D        | Noticed a great orb of eyes
  2682 | D        | Killed a deep troll earth mage
  2682 | D        | Received a gift from Trog
  2683 | D        | Killed a stone giant
  2684 | D        | Killed an ogre mage
  2685 | D        | Killed a great orb of eyes
  2685 | D        | Received a gift from Trog
  2685 | D        | Killed a deep troll shaman
  2686 | D        | Noticed a purple very ugly thing
  2687 | D        | Noticed an ettin
  2687 | D        | Noticed a spriggan berserker
  2688 | D        | Noticed a spriggan air mage
  2689 | D        | Noticed a shadow dragon
  2691 | D        | Killed an ettin
  2691 | D        | Received a gift from Trog
  2692 | D        | Killed a yaktaur captain
  2692 | D        | Received a gift from Trog
  2692 | D        | Reached XP level 14. HP: 71/151 MP: 4/13
  2692 | D        | Killed a spriggan berserker
  2693 | D        | Noticed a purple very ugly thing
  2695 | D        | Noticed a deep troll shaman
  2695 | D        | Killed a purple very ugly thing
  2696 | D        | Killed a shadow dragon
  2699 | D        | Killed a purple very ugly thing
  2703 | D        | Killed a spriggan air mage
  2703 | D        | Received a gift from Trog
  2706 | D        | Killed a deep troll shaman
  2709 | D        | Noticed a slime creature
  2710 | D        | Noticed a cyan very ugly thing
  2712 | D        | Noticed a yaktaur
  2713 | D        | Noticed a slime creature
  2713 | D        | Noticed a fire giant
  2713 | D        | Slain by a cyan very ugly thing

Action                   |  1- 3 |  4- 6 |  7- 9 | 10-12 | 13-15 || total
-------------------------+-------+-------+-------+-------+-------++-------
Melee: Falchion          |    19 |       |       |       |       ||    19
       Scimitar          |     7 |       |    54 |       |       ||    61
       Triple sword      |       |       |       |    69 |    28 ||    97
Throw: Javelin           |       |       |    19 |    68 |    55 ||   142
Invok: Berserk           |     2 |       |     1 |     2 |     1 ||     6
  Use: Scroll            |       |       |       |     1 |       ||     1
  Eat: Chunk             |       |       |     5 |     6 |     2 ||    13
